 Dungeon Crawl Stone Soup version 0.30.1-11-g7821555f0a (webtiles) character file.

Game seed: 10328338086746131263

291 KittyFluff the Cudgeller (level 6, 0/38 HPs)
             Began as a Gargoyle Berserker on Nov 1, 2023.
             Was a Believer of Trog.
             Slain by a sleepcap (3 damage)
             ... on level 4 of the Dungeon.
             The game lasted 00:08:47 (2333 turns).

KittyFluff the Cudgeller (Gargoyle Berserker)       Turns: 2333, Time: 00:08:47

Health: 0/38       AC: 13    Str: 22    XL:     6   Next: 32%
Magic:  6/6        EV: 12    Int:  8    God:    Trog [**....]
Gold:   88         SH:  0    Dex: 12    Spells: 5/5 levels left

rFire   . . .        a - +0 mace
rCold   . . .        (no shield)
rNeg    + . .        k - +0 leather armour
rPois   ∞            b - +0 helmet
rElec   +            (no cloak)
rCorr   .            (no gloves)
SInv    +            (no boots)
Will    +....        (no amulet)
Stlth   ++           c - ring of willpower
HPRegen 0.26/turn    v - ring "Lagahoem" {*Corrode AC+4 Dex+3 SInv Stlth+}
MPRegen 0.10/turn

%: corrode self (3%)
@: on berserk cooldown, slowed, very slow
A: sickness immunity, AC +4, negative energy resistance 1, electricity
resistance, torment resistance 1, petrification resistance
a: Renounce Religion, Berserk, Trog's Hand


You were on level 4 of the Dungeon.
You worshipped Trog.
Trog was pleased with you.
You visited 1 branch of the dungeon, and saw 4 of its levels.

You collected 88 gold pieces.

Inventory:

Hand Weapons
 a - a +0 mace (weapon)
Armour
 b - a +0 helmet (worn)
 k - a +0 leather armour (worn)
Jewellery
 c - a ring of willpower (left hand)
 v - the ring "Lagahoem" (right hand) {*Corrode AC+4 Dex+3 SInv Stlth+}
   (You found it on level 3 of the Dungeon)

   [ring of protection]

   AC:        It affects your AC (+4).
   Dex:       It affects your dexterity (+3).
   SInv:      It lets you see invisible.
   *Corrode:  It may corrode you when you take damage.
   Stlth:     It makes you more stealthy.
Wands
 A - a wand of light (8)
Scrolls
 d - 3 scrolls of identify {unknown}
 e - a scroll of noise {unknown}
 j - 2 scrolls of teleportation {unknown}
 l - a scroll of amnesia {unknown}
 n - 2 scrolls of fear {unknown}
 o - a scroll of fog {unknown}
 q - a scroll of blinking {unknown}
 t - 2 scrolls of torment {unknown}
 u - a scroll of butterflies {unknown}
 w - 3 scrolls of vulnerability {unknown}
 y - 2 scrolls of poison {unknown}
 z - 2 scrolls of magic mapping {unknown}
Potions
 f - 2 potions of haste {unknown}
 g - a potion of magic {unknown}
 h - a potion of invisibility {unknown}
 i - a potion of curing {unknown}
 m - a potion of ambrosia {unknown}
 p - a potion of flight {unknown}
 r - a potion of mutation {unknown}
 s - a potion of degeneration {unknown}
 x - 2 potions of heal wounds {unknown}
 B - a potion of lignification {unknown}


   Skills:
 + Level 4.2 Fighting
 * Level 4.6 Maces & Flails
 * Level 4.5 Armour
 + Level 2.4 Dodging


You had 5 spell levels left.
You didn't know any spells.
Your spell library was empty.

Dungeon Overview and Level Annotations

Branches:
Dungeon (4/15)
 Temple: D:4-7

Altars:
Sif Muna


Innate Abilities, Weirdness & Mutations

You are immune to sickness and miasma.
Your stone body is resilient. (AC +4)
You are immune to poison.
You resist negative energy. (rN+)
You are resistant to electric shocks. (rElec)
You are resistant to unholy torment.
You are immune to petrification.


Message History

You sock the orc!
You kill the orc!
Trog accepts your kill.
The orc wizard hits you but does no damage.
You sock the orc!
You kill the orc!
Trog accepts your kill. The orc wizard misses you.
You sock the orc wizard!
The orc wizard is almost dead.
You sock the orc wizard!
You kill the orc wizard!
Trog accepts your kill.
Trog appreciates your killing of a magic user.
You are no longer berserk.
You are exhausted.
You feel yourself slow down.
You hit the sleepcap.
The sleepcap is lightly damaged.
The sleepcap closely misses you. The sleepcap releases spores at you.
* * * LOW HITPOINT WARNING * * *
You sock the sleepcap!
The sleepcap is heavily damaged.
The sleepcap releases spores at you but does no damage. x2
You hit the sleepcap.
The sleepcap is heavily damaged.
The sleepcap releases spores at you but does no damage. x2
You hit the sleepcap. You punch the sleepcap.
The sleepcap is heavily damaged.
The sleepcap releases spores at you.
* * * LOW HITPOINT WARNING * * *
You hit the sleepcap but do no damage.
The sleepcap is heavily damaged.
The sleepcap releases spores at you.
* * * LOW HITPOINT WARNING * * *
The sleepcap closely misses you.
You hit the sleepcap but do no damage. You punch the sleepcap.
The sleepcap is heavily damaged.
The sleepcap releases spores at you.
You die...

#.##...........#######
#.
#.........#.......####
..
##.......##..........#
...
##########..#########
.#. #..# #..# #..#
#..# . ##@# ..# #f#
#..## #)## #...##))#
#...#..# #.....#
##....# ###..#######
##.......#


You could see a sleepcap.

Vanquished Creatures
  A black bear (D:4)
  An orc priest (D:4)
  An iguana (D:4)
  Terence (D:2)
  An orc wizard (D:4)
  3 adders
  3 worms
  2 dart slugs (D:2)
  3 orcs (D:4)
  6 endoplasms
  3 giant cockroaches
  7 goblins
  8 hobgoblins
  A quokka (D:3)
  6 ball pythons
  3 frilled lizards (D:1)
  4 kobolds
  7 rats
61 creatures vanquished.

Notes
Turn   | Place    | Note
-------+----------+-------------------------------------------
     0 | D:1      | KittyFluff the Gargoyle Berserker began the quest for the
                  | Orb.
     0 | D:1      | Reached XP level 1. HP: 14/14 MP: 1/1
   231 | D:1      | Reached XP level 2. HP: 19/19 MP: 2/2
   371 | D:1      | Found a faded altar of an unknown god.
   942 | D:2      | Reached XP level 3. HP: 16/23 MP: 3/3
   966 | D:2      | Reached ** piety under Trog
  1072 | D:2      | Noticed Terence
  1091 | D:2      | Killed Terence
  1092 | D:2      | Reached XP level 4. HP: 8/29 MP: 4/4
  1590 | D:3      | Found a shimmering blue altar of Sif Muna.
  1889 | D:3      | Identified the ring "Lagahoem" {*Corrode AC+4 Dex+3 SInv
                  | Stlth+}
  2005 | D:4      | Reached XP level 5. HP: 15/33 MP: 5/5
  2283 | D:4      | Noticed a black bear
  2316 | D:4      | Killed a black bear
  2317 | D:4      | Reached XP level 6. HP: 17/38 MP: 6/6
  2333 | D:4      | Slain by a sleepcap

Illustrated notes

Levels and vault maps discovered:
D:1:      ncdulo_watergridlock, layout_loops_ring,
          shapermc_ecumenical_altar_notcrosses, kennysheep_minor_cross
D:2:      layout_loops_ring, kennysheep_cluttered_room,
          chequers_serial_rivers_micro_b, serial_bayou_pond_d,
          minmay_tromino_mix6, uniq_terence
D:3:      layout_rooms, mainiacjoe_overflow_tiny_flanked, chequers_garden,
          nicolae_elevator_lobby_asterisk
D:4:      layout_cave_pods, dk_xom_monty_hall

Skill      XL: |  1  2  3  4  5 |
---------------+----------------+-----
Armour         | 3 4 |  4.5
Dodging        | 2 |  2.4
Maces & Flails | 4 |  4.6
Fighting       | 4 |  4.2

Action                     |  1- 3 |  4- 6 || total
---------------------------+-------+-------++-------
  Melee: Mace              |    97 |   113 ||   210
         Punch             |       |     3 ||     3
 Invoke: Berserk           |       |     1 ||     1
   Stab: Sleeping          |       |     1 ||     1
 Armour: Animal skin       |     4 |       ||     4
         Leather armour    |    30 |    57 ||    87
  Dodge: Dodged            |    47 |    63 ||   110
